 Dungeon Crawl Stone Soup version 0.31-a0-188-g5e087ee2ca (webtiles) character file.

Game seed: 12768136263284927167

79 porpoise the Shooter (level 4, -1/27 HPs)
             Began as a Tengu Hunter on June 24, 2023.
             Slain by a bullfrog (4 damage)
             ... on level 6 of the Dungeon.
             The game lasted 00:05:41 (1584 turns).

porpoise the Shooter (Tengu Hunter)                 Turns: 1584, Time: 00:05:41

Health: -1/27      AC:  3    Str: 11    XL:     4   Next: 37%
Magic:  5/5        EV: 12    Int: 10    God:
Gold:   106        SH:  0    Dex: 19    Spells: 3/3 levels left

rFire   . . .        b - +0 dagger (venom)
rCold   . . .        (no shield)
rNeg    . . .        c - +0 leather armour
rPois   .            (helmet restricted)
rElec   .            (no cloak)
rCorr   .            (no gloves)
SInv    .            (boots unavailable)
Will    +....        (no amulet)
Stlth   ++           m - ring of willpower
HPRegen 0.24/turn    (no ring)
MPRegen 0.09/turn

%: no passive effects
@: no status effects
A: beak, talons 3
a: no special abilities


You were on level 6 of the Dungeon.
You visited 1 branch of the dungeon, and saw 4 of its levels.

You collected 128 gold pieces.
You spent 22 gold pieces at shops.

Inventory:

Hand Weapons
 a - a +1 shortbow
 b - a +0 dagger of venom (weapon)
 i - a +0 dagger
Missiles
 k - 5 boomerangs of dispersal
 l - 10 poisoned darts
Armour
 c - a +0 leather armour (worn)
Jewellery
 m - a ring of willpower (left hand)
Scrolls
 f - a scroll of teleportation
 h - a scroll of butterflies
Potions
 d - 2 potions of lignification
 e - a potion of berserk rage {unknown}
 g - a potion of enlightenment {unknown}
 o - a potion of brilliance {unknown}


   Skills:
 + Level 2.8 Fighting
 * Level 5.4 Ranged Weapons
 - Level 2.1 Dodging
 + Level 2.2 Stealth


You had 3 spell levels left.
You didn't know any spells.
Your spell library was empty.

Dungeon Overview and Level Annotations

Branches:
Dungeon (3/15)

Altars:
Yredelemnul

Shops:
D:2 ?


Innate Abilities, Weirdness & Mutations

You have a beak for a mouth.
You have claws for feet.


Message History

You shoot an arrow. The arrow closely misses the adder.
You feel sick. The adder misses you.
You shoot an arrow. The arrow barely misses the adder.
You feel sick. The adder bites you.
You are more poisoned.
The adder poisons you! The adder misses you.
You shoot an arrow. The arrow hits the adder.
The adder is severely wounded.
You feel sick. The adder bites you but does no damage.
A bullfrog comes into view.
You shoot an arrow. The arrow closely misses the adder.
The bullfrog gives a loud, deep croak!
You feel sick.
You hear a shout! x2
The adder closely misses you. The adder barely misses you.
You shoot an arrow. The arrow misses the adder.
The arrow misses the bullfrog.
You feel sick. The adder barely misses you.
You shoot an arrow. The arrow hits the adder.
You kill the adder!
You feel sick. The bullfrog hits you.
You shoot an arrow. The arrow hits the bullfrog!
The bullfrog is heavily wounded.
You feel sick.
You are no longer poisoned.
The bullfrog barely misses you.
You shoot an arrow. The arrow hits the bullfrog.
The bullfrog is heavily wounded.
The bullfrog hits you.
* * * LOW HITPOINT WARNING * * *
The bullfrog misses you.
You shoot an arrow. The arrow hits the bullfrog!
The bullfrog is almost dead.
The bullfrog hits you.
* * * LOW HITPOINT WARNING * * *
The bullfrog hits you.
* * * LOW HITPOINT WARNING * * *
Your +0 dagger of venom begins to drip with poison!
b - a +0 dagger of venom (weapon)
The bullfrog hits you.
You die...

#.########
#........#
########.#
#.# #.#
#.###
#...#
###@# #F#
... ##.#.
..#.. .##
)# . .# ..
#


You could see a bullfrog.

Vanquished Creatures
  Terence (D:2)
  An adder (D:6)
  3 dart slugs
  3 ball pythons
  6 bats (D:2)
  6 endoplasms (D:1)
  5 hobgoblins
  2 jackals (D:1)
  A quokka (D:1)
  2 frilled lizards
  2 goblins
  4 kobolds (D:1)
  4 rats
40 creatures vanquished.

Notes
Turn   | Place    | Note
-------+----------+-------------------------------------------
     0 | D:1      | porpoise the Tengu Hunter began the quest for the Orb.
     0 | D:1      | Reached XP level 1. HP: 12/12 MP: 2/2
   153 | D:1      | Reached XP level 2. HP: 17/17 MP: 3/3
   268 | D:1      | Found a basalt altar of Yredelemnul.
   339 | D:1      | Reached XP level 3. HP: 22/22 MP: 4/4
   676 | D:2      | Reached skill level 5 in Ranged Weapons
   707 | D:2      | Noticed Terence
   717 | D:2      | Killed Terence
   900 | D:2      | Reached XP level 4. HP: 27/27 MP: 5/5
  1050 | D:2      | Found Cuedetus's Magic Scroll Boutique.
  1058 | D:2      | Bought a scroll of identify for 22 gold pieces
  1391 | D:3      | Found a faded altar of an unknown god.
  1454 | D:3      | You fall into a shaft and drop 3 floors!
  1577 | D:6      | Noticed a bullfrog
  1584 | D:6      | Slain by a bullfrog

Illustrated notes

Levels and vault maps discovered:
D:1:      dreamdust_arrival_sigmund_warning, layout_loops_ring,
          minmay_misc_feat_alley, minmay_hexomino_r4
D:2:      layout_loops_ring, serial_shops, nicolae_shop_stone, uniq_terence
D:3:      layout_basic, marbit_many_paths,
          nicolae_hepliaklqana_monster_ancestors, basic_ecumenical_altar,
          amethyst_killhole, amcnicky_mini_pool_small
D:6:      kennysheep_big_flooded_room, layout_loops_cross

Skill      XL: |  1  2  3 |
---------------+----------+-----
Ranged Weapons | 5 |  5.4
Stealth        | 2 |  2.2
Fighting       | |  2.8
Dodging        | |  2.1

Action                     |  1- 3 |  4- 6 || total
---------------------------+-------+-------++-------
  Melee: Dagger            |     8 |       ||     8
         Kick              |     4 |       ||     4
         Peck              |     3 |       ||     3
   Fire: Shortbow          |    78 |    33 ||   111
    Use: Scroll            |       |     6 ||     6
 Armour: Leather armour    |     5 |     2 ||     7
  Dodge: Dodged            |    17 |    10 ||    27

Table legend: (Time is in decaauts)
 A = Elapsed time spent in this place.
 B = Non-inter-level travel time spent in this place.
 C = Inter-level travel time spent in this place.
 D = Time resting spent in this place.
 E = Time spent auto-exploring this place.
 F = Levels seen in this place.
 G = Mean time per level.
                   A        B        C        D        E       F      G
               +--------+--------+--------+--------+--------+-----+--------+
         Total |   1602 |   1495 |    107 |    174 |   1075 |   4 |  400.5 |
       Dungeon |   1602 |   1495 |    107 |    174 |   1075 |   4 |  400.5 |
               +--------+--------+--------+--------+--------+-----+--------+

Top non-repeatable levels by time:
     D:1: 684 daAuts
     D:2: 682 daAuts
     D:6: 132 daAuts
     D:3: 103 daAuts
